 Dungeon Crawl Stone Soup version 0.32-a0-933-ga8fa3634e4 (webtiles) character file.

Game seed: 1758492334453052621

2984 Autsider the Reanimator (level 9, -3/63 (67) HPs)
             Began as a Gnoll Necromancer on Apr 14, 2024.
             Was a Follower of Sif Muna.
             Slain by a wight
             ... wielding a +5 dire flail
              (8 damage)
             ... on level 8 of the Dungeon.
             The game lasted 00:26:46 (9035 turns).

Autsider the Reanimator (Gnoll Necromancer)         Turns: 9035, Time: 00:26:46

HP:   -3/63 (67)    AC:  7    Str: 10    XL:     9   Next: 83%
MP:   11/19         EV: 12    Int: 18    God:    Sif Muna [*.....]
Gold: 234           SH:  7    Dex: 14    Spells: 14/22 levels left

rFire   + . .        F - +6 spear (freeze)
rCold   . . .        B - +2 buckler
rNeg    + . .        g - +0 leather armour
rPois   .            o - melded +0 helmet
rElec   .            x - melded +0 cloak
rCorr   .            n - melded +2 pair of gloves
SInv    .            r - melded +0 pair of boots
Will    .....        (no amulet)
Stlth   +++          u - +4 ring of protection
HPRegen 0.30/turn    w - ring of protection from fire
MPRegen 0.16/turn

%: no passive effects
@: beast-form, animating dead, drained
A: beast (slay +2), fangs 1, strong nose, distributed training
a: Begin Untransformation, Renounce Religion, Channel Magic


You were on level 8 of the Dungeon.
You worshipped Sif Muna.
Sif Muna was aware of your devotion.
You were a hulking beast.
You visited 2 branches of the dungeon, and saw 9 of its levels.

You collected 234 gold pieces.

Inventory:

Hand Weapons
 b - a +2 vampiric halberd
 e - a +0 spear
 h - a +0 trident
 i - a +1 short sword of holy wrath
 F - a +6 spear of freezing (weapon)
Missiles
 a - 11 javelins
Armour
 g - a +0 leather armour (worn)
 n - a +2 pair of gloves (melded)
 o - a +0 helmet (melded)
 r - a +0 pair of boots (melded)
 x - a +0 cloak (melded)
 B - a +2 buckler (worn)
Magical Staves
 J - the staff "Orb Guardian's Foe" {rF+ rC+ rCorr Ice Air}
   (You found it on level 7 of the Dungeon)

   [staff of cold]

   Base accuracy: +5 Base damage: 5 Base attack delay: 1.2 This weapon's minimum
   attack delay (0.6) is reached at skill level 12.
   rF+:       It protects you from fire.
   rC+:       It protects you from cold.
   rCorr:     It protects you from acid and corrosion.
   Ice:       It increases the power of your Ice spells.
   Air:       It increases the power of your Air spells.
   It falls into the 'Staves' category.
   It is a one-handed weapon.
Jewellery
 u - a +4 ring of protection (left hand)
 w - a ring of protection from fire (right hand)
Talismans
 H - the beast talisman of the Evening Star (active) {rN+ Str+3}
   (You found it on level 6 of the Dungeon)

   [beast talisman]

   Str+3:     It affects your strength (+3).
   rN+:       It protects you from negative energy.
Wands
 v - a wand of mindburst (2)
 I - a wand of light (7)
Scrolls
 c - a scroll of enchant armour {unknown}
 f - 3 scrolls of poison {unknown}
 k - a scroll of fear {unknown}
 q - 2 scrolls of vulnerability {unknown}
 t - 3 scrolls of blinking {unknown}
 y - 2 scrolls of noise {unknown}
 A - a scroll of silence {unknown}
 C - 2 scrolls of enchant weapon {unknown}
 D - a scroll of acquirement {unknown}
 G - 2 scrolls of teleportation {unknown}
 K - a scroll of identify {@r1}
Potions
 d - a potion of curing {@q1}
 j - 3 potions of haste {unknown}
 l - 3 potions of attraction
 m - a potion of degeneration {unknown}
 p - 2 potions of heal wounds {unknown}
 s - a potion of might {unknown}
 z - a potion of berserk rage {unknown}
 E - a potion of magic


   Skills:
 + Level 4.8 Fighting
 + Level 4.8 Short Blades
 + Level 4.8 Long Blades
 + Level 4.8 Axes
 + Level 4.8 Maces & Flails
 + Level 4.8 Polearms
 + Level 4.8 Staves
 + Level 4.8 Ranged Weapons
 + Level 4.8 Throwing
 + Level 4.8 Armour
 + Level 6.7 Dodging
 + Level 6.4 Stealth
 + Level 4.8 Shields
 + Level 4.8 Unarmed Combat
 + Level 7.0 Spellcasting
 + Level 4.0 Conjurations
 + Level 4.0 Hexes
 + Level 4.0 Summonings
 + Level 8.2 Necromancy
 + Level 4.0 Translocations
 + Level 4.0 Fire Magic
 + Level 4.0 Ice Magic
 + Level 4.0 Air Magic
 + Level 4.0 Earth Magic
 + Level 4.0 Alchemy
 + Level 5.3 Invocations
 + Level 4.8 Evocations
 + Level 4.3 Shapeshifting


You had 14 spell levels left.
You knew the following spells:

 Your Spells              Type           Power      Damage    Failure   Level
a - Necrotise             Necr           100%       1d9       1%          1
b - Vampiric Draining     Necr           36%        2d8       1%          3
c - Animate Dead          Necr           36%        N/A       7%          4

Your spell library contained the following spells:

 Spells                   Type           Power      Damage    Failure   Level
 Summon Small Mammal      Summ           80%        N/A       3%          1
 Call Canine Familiar     Summ           20%        N/A       12%         3
 Summon Ice Beast         Ice/Summ       20%        N/A       12%         3
 Martyr's Knell           Necr/Summ      28%        N/A       16%         4
 Curse of Agony           Necr           36%        N/A       19%         5
 Summon Blazeheart Golem  Fire/Summ      20%        N/A       36%         4
 Summon Mana Viper        Hex/Summ       20%        N/A       71%         5
 Monstrous Menagerie      Summ           10%        N/A       100%        7


Dungeon Overview and Level Annotations

Branches:
Dungeon (8/15)             Temple (1/1) D:4
   Lair: D:8-11

Altars:
Ashenzari
Cheibriados
Dithmenos
Elyvilon
Fedhas
Gozag
Kikubaaqudgha
Makhleb
Nemelex Xobeh
Okawaru
Qazlal
Ru
Sif Muna
Trog
Uskayaw
Vehumet
Wu Jian
Xom
Yredelemnul
Zin
The Shining One

Annotations:
D:2 exclusion: downstairs
D:3 Sigmund
D:4 exclusion: upstairs


Innate Abilities, Weirdness & Mutations

You are a hulking beast.
Your limbs bulge with bestial killing power. (Slay +2)
You have very sharp teeth.
Your uncanny sense of smell can sniff out nearby items.
Your experience applies equally to all skills.


Message History

You block the wight's attack. x2
The wight hits you with a +4 long sword!
The wight closely misses you.
Reach: F) +6 spear (freeze)
Press: ? - help, Dir - move target, f/p - wight
Aim: a wight, wielding a +4 long sword and wearing a +0 robe (severely damaged, about 28% to evade your +6 spear of freezing)
You closely miss the wight.
The wight is severely damaged.
The wight hits you with a +0 falchion.
The wight hits you with a +5 dire flail.
The wight hits you but does no damage.
The wight hits you from afar with a +1 halberd of protection!
* * * LOW HITPOINT WARNING * * *
The wight hits you with a +0 falchion.
* * * LOW HITPOINT WARNING * * *
You partially resist.
You feel drained.
* * * LOW HITPOINT WARNING * * *
The wight barely misses you. You block the wight's attack.
Something hits you but does no damage. You block the wight's attack.
You climb downwards.
Reactivating autopickup.
There is a stone staircase leading up here.
Deactivating autopickup; reactivate with Ctrl-A.
You closely miss something. You block the wight's attack.
The wight hits you with a +5 dire flail!
* * * LOW HITPOINT WARNING * * *
You hit something but do no damage. Something hits you but does no damage.
The wight hits you with a +5 dire flail.
* * * LOW HITPOINT WARNING * * *
The wight hits you with a +4 long sword!
* * * LOW HITPOINT WARNING * * *
You partially resist.
You feel drained.
* * * LOW HITPOINT WARNING * * *
You feel better.
You hear some strange, mumbled words.
A puff of flame appears from out of thin air!
The puff of flame hits you. You resist.
* * * LOW HITPOINT WARNING * * *
The wight hits you with a +5 dire flail!
You die...

.#.## ###
......#z#
#...zzh#
∆
......#{#
..... ...
..##
+#.#. .
..#.. ..#
#. ..# .#
...# #


You could see 3 wights.

Vanquished Creatures
  A black bear (D:5)
  2 ice beasts
  A sky beast (D:7)
  An ogre (D:6)
  A centaur (D:6)
  A phantom (D:6)
  A bullfrog (D:6)
  5 scorpions
  4 wights
  11 killer bees
  An orc priest (D:3)
  7 bombardier beetles
  6 hounds
  3 gnoll boudas
  Ijyb (D:3)
  An iguana (D:6)
  2 orc wizards
  10 adders
  17 gnolls
  3 shadow imps
  A white imp (D:4)
  3 dart slugs
  29 orcs
  4 endoplasms
  4 giant cockroaches
  9 hobgoblins
  2 jackals (D:1)
  6 quokkas
  6 ball pythons
  5 bats
  2 frilled lizards
  9 goblins
  5 kobolds
  5 rats
169 creatures vanquished.

Vanquished Creatures (collateral kills)
  2 water moccasins (D:6)
  A hound (D:4)
  2 gnolls (D:5)
  A shadow imp (D:5)
  A bat (D:1)
  A goblin (D:1)
  A jackal (D:1)
9 creatures vanquished.

Vanquished Creatures (others)
  A black bear zombie (D:5)
  A hound zombie (D:6)
  A bombardier beetle zombie (D:6)
  5 orc zombies
  A quokka zombie (D:5)
9 creatures vanquished.

Grand Total: 187 creatures vanquished

Notes
Turn   | Place    | Note
-------+----------+-------------------------------------------
     0 | D:1      | Autsider the Gnoll Necromancer began the quest for the Orb.
     0 | D:1      | Reached XP level 1. HP: 13/13 MP: 6/6
   170 | D:1      | Reached XP level 2. HP: 16/19 MP: 4/7
   430 | D:1      | Reached skill level 5 in Spellcasting
   430 | D:1      | Reached XP level 3. HP: 23/25 MP: 7/9
   754 | D:1      | Learned a level 3 spell: Vampiric Draining
   811 | D:2      | Reached skill level 1 in Invocations
   962 | D:2      | Reached skill level 1 in Fighting
   962 | D:2      | Reached skill level 1 in Short Blades
   962 | D:2      | Reached skill level 1 in Long Blades
   962 | D:2      | Reached skill level 1 in Axes
   962 | D:2      | Reached skill level 1 in Maces & Flails
   962 | D:2      | Reached skill level 1 in Polearms
   962 | D:2      | Reached skill level 1 in Staves
   962 | D:2      | Reached skill level 1 in Ranged Weapons
   962 | D:2      | Reached skill level 1 in Throwing
   962 | D:2      | Reached skill level 1 in Armour
   962 | D:2      | Reached skill level 1 in Shields
   962 | D:2      | Reached skill level 1 in Unarmed Combat
   962 | D:2      | Reached skill level 1 in Evocations
   964 | D:2      | Reached skill level 1 in Shapeshifting
   964 | D:2      | Reached XP level 4. HP: 27/32 MP: 2/11
  1183 | D:2      | Reached skill level 1 in Conjurations
  1183 | D:2      | Reached skill level 1 in Hexes
  1183 | D:2      | Reached skill level 1 in Summonings
  1183 | D:2      | Reached skill level 1 in Translocations
  1183 | D:2      | Reached skill level 1 in Fire Magic
  1183 | D:2      | Reached skill level 1 in Ice Magic
  1183 | D:2      | Reached skill level 1 in Air Magic
  1183 | D:2      | Reached skill level 1 in Earth Magic
  1183 | D:2      | Reached skill level 1 in Alchemy
  1860 | D:3      | Reached XP level 5. HP: 37/37 MP: 12/12
  2084 | D:3      | Noticed Sigmund
  2239 | D:3      | Noticed Ijyb
  2239 | D:3      | Paralysed by Ijyb for 5 turns
  2249 | D:3      | Killed Ijyb
  2830 | D:3      | Reached XP level 6. HP: 44/44 MP: 1/14
  3000 | D:3      | Reached skill level 5 in Dodging
  3236 | D:3      | Learned a level 4 spell: Animate Dead
  3586 | D:5      | Entered Level 5 of the Dungeon
  3928 | D:4      | Reached XP level 7. HP: 51/51 MP: 10/15
  4376 | D:4      | Found a staircase to the Ecumenical Temple.
  4384 | Temple   | Entered the Ecumenical Temple
  4395 | Temple   | Became a worshipper of Sif Muna the Loreminder
  4976 | D:4      | Reached skill level 5 in Stealth
  5597 | D:5      | Found a burning altar of Makhleb.
  5599 | D:5      | Found a shimmering altar of Xom.
  5600 | D:5      | Found a blossoming altar of Fedhas.
  5608 | D:5      | Found an opulent altar of Gozag.
  5613 | D:5      | Found a snail-covered altar of Cheibriados.
  5614 | D:5      | Found a bloodstained altar of Trog.
  5661 | D:5      | Found an ornate altar of the Wu Jian Council.
  5665 | D:5      | Found a white marble altar of Elyvilon.
  5666 | D:5      | Found a radiant altar of Vehumet.
  5736 | D:5      | Reached XP level 8. HP: 49/58 MP: 0/16
  6549 | D:6      | Reached * piety under Sif Muna
  6701 | D:6      | Reached XP level 9. HP: 65/65 MP: 18/18
  7233 | D:6      | Reached skill level 8 in Necromancy
  7656 | D:6      | Identified the beast talisman of the Evening Star {rN+
                  | Str+3}
  8102 | D:6      | Reached skill level 5 in Invocations
  8376 | D:7      | Found a sparkling altar of Nemelex Xobeh.
  8377 | D:7      | Found a hide-covered altar of Uskayaw.
  8382 | D:7      | Identified the staff "Orb Guardian's Foe" {rF+ rC+ rCorr
                  | Ice Air}
  9034 | D:8      | HP: 3/64 [wight/+4 long sword (8)]
  9035 | D:8      | Slain by a wight

Illustrated notes

Levels and vault maps discovered:
D:1:      minmay_arrival_radiant_lines, layout_rooms
D:2:      layout_basic
D:3:      layout_loops_ring, serial_aquarium, aquarium_bridge_square
          [aquarium_subvault_wall, aquarium_subvault_bridge,
          aquarium_subvault_window, aquarium_subvault_bridge],
          aquarium_bridge_straight [aquarium_subvault_bridge,
          aquarium_subvault_wall, aquarium_subvault_bridge,
          aquarium_subvault_window], aquarium_window_3, aquarium_window_fake,
          aquarium_window_1, aquarium_view_2b, aquarium_balcony_3a, st_stairs_4,
          grunt_decor_junction, uniq_sigmund, uniq_ijyb
D:4:      layout_cave_pods, temple_statues, columned_hall_lemuel
D:5:      layout_basic, nicolae_overflow_hallway_of_the_gods
D:6:      kennysheep_spiral_hall, layout_loops_ring
D:7:      layout_gridville, gammafunk_temple_overflow_pools
D:8:      layout_basic, lemuel_coloured_pillars_altar, serial_curves,
          eino_curves_04, eino_curves_02, moated_statue, uniq_maurice,
          uniq_erica
Temple:   hellmonk_temple_flake

Skill      XL: |  1  2  3  4  5  6  7  8  9 |
---------------+----------------------------+-----
Spellcasting   | 5 6 7 |  7.0
Invocations    | 1 2 3 4 5 |  5.3
Fighting       | 1 2 3 4 |  4.8
Short Blades   | 1 2 3 4 |  4.8
Long Blades    | 1 2 3 4 |  4.8
Axes           | 1 2 3 4 |  4.8
Maces & Flails | 1 2 3 4 |  4.8
Polearms       | 1 2 3 4 |  4.8
Staves         | 1 2 3 4 |  4.8
Ranged Weapons | 1 2 3 4 |  4.8
Throwing       | 1 2 3 4 |  4.8
Armour         | 1 2 3 4 |  4.8
Shields        | 1 2 3 4 |  4.8
Unarmed Combat | 1 2 3 4 |  4.8
Evocations     | 1 2 3 4 |  4.8
Shapeshifting  | 1 2 3 4 |  4.3
Conjurations   | 1 2 3 4 |  4.0
Hexes          | 1 2 3 4 |  4.0
Summonings     | 1 2 3 4 |  4.0
Translocations | 1 2 3 4 |  4.0
Fire Magic     | 1 2 3 4 |  4.0
Ice Magic      | 1 2 3 4 |  4.0
Air Magic      | 1 2 3 4 |  4.0
Earth Magic    | 1 2 3 4 |  4.0
Alchemy        | 1 2 3 4 |  4.0
Dodging        | 5 6 |  6.7
Stealth        | 5 6 |  6.4
Necromancy     | 8 |  8.2

Action                     |  1- 3 |  4- 6 |  7- 9 || total
---------------------------+-------+-------+-------++-------
  Melee: Unarmed           |    16 |       |       ||    16
         Bite              |     2 |     5 |    22 ||    29
         Spear             |    42 |    13 |    60 ||   115
         Trident           |       |    98 |    73 ||   171
         Halberd           |       |       |   131 ||   131
   Cast: Necrotise         |    44 |    38 |    26 ||   108
         Vampiric Draining |     1 |    42 |    72 ||   115
         Animate Dead      |       |       |     3 ||     3
    Use: Scroll            |       |     2 |       ||     2
         Potion            |       |       |     4 ||     4
   Stab: Sleeping          |     5 |     6 |    12 ||    23
         Distracted        |       |       |     2 ||     2
 Armour: Robe              |    33 |       |       ||    33
         Leather armour    |     2 |   111 |   256 ||   369
  Dodge: Dodged            |    59 |    96 |   232 ||   387
  Block: Buckler           |       |       |    49 ||    49
   Form: Beast             |       |       |     1 ||     1

Table legend: (Time is in decaauts)
 A = Elapsed time spent in this place.
 B = Non-inter-level travel time spent in this place.
 C = Inter-level travel time spent in this place.
 D = Time resting spent in this place.
 E = Time spent auto-exploring this place.
 F = Levels seen in this place.
 G = Mean time per level.
                   A        B        C        D        E       F      G
               +--------+--------+--------+--------+--------+-----+--------+
         Total |   9118 |   8446 |    672 |   1002 |   5428 |   9 | 1013.1 |
       Dungeon |   9095 |   8444 |    651 |   1002 |   5428 |   8 | 1136.9 |
        Temple |     22 |      1 |     21 |      0 |      0 |   1 |   22.0 |
               +--------+--------+--------+--------+--------+-----+--------+

Top non-repeatable levels by time:
     D:4: 1852 daAuts
     D:6: 1768 daAuts
     D:5: 1357 daAuts
     D:2: 1234 daAuts
     D:3: 1234 daAuts
     D:1: 788 daAuts
     D:7: 696 daAuts
     D:8: 162 daAuts
  Temple: 22 daAuts
